[Event "ICC tourney 2461 (45 10)"]
[Site "Internet Chess Club"]
[Date "2021.03.20"]
[Round "5"]
[White "WU, JONATHAN ZUANXU:wulovechess"]
[Black "AYYAPPAN, SANTHOSH:SanthoshA"]
[Result "0-1"]
[ICCResult "White checkmated"]
[WhiteElo "1542"]
[BlackElo "1661"]
[Opening "Evans gambit: Cordel variation"]
[ECO "C51"]
[NIC "IG.05"]
[Time "21:01:24"]
[PlyCount "74"]
[TimeControl "2700+10"]

1. e4 e5 2. Nf3 Nc6 3. Bc4 Bc5 4. b4 Bxb4 5. c3 Be7 6. d4 Na5 7. Bd3 exd4
8. cxd4 d6 9. Qa4+ c6 10. Bd2 b6 11. d5 Bd7 12. Bxa5 cxd5 13. Qd4 Bf6 14.
e5 dxe5 15. Nxe5 bxa5 16. Qxd5 Bxe5 17. Qxe5+ Qe7 18. Qe4 Bc6 19. Qxe7+
Nxe7 20. O-O O-O 21. Re1 Nd5 22. Be4 Rfe8 23. Nd2 Nb4 24. Bxc6 Nxc6 25. a3
Nd4 26. Rac1 Ne2+ 27. Kf1 Nxc1 28. Rxc1 Rac8 29. Rb1 Red8 30. Nb3 a4 31.
Na5 Rc5 32. Nb7 Rb8 33. Rd1 Rc3 34. Na5 g6 35. Rd7 Rxa3 36. Rxa7 Ra2 37.
Nc6 Rb1# { White checkmated } 0-1

[Event "ICC tourney 2461 (45 10)"]
[Site "Internet Chess Club"]
[Date "2021.03.20"]
[Round "5"]
[White "CHANDRANI, SHLOK JAYESH:jack2212"]
[Black "Kumar, Agrim:agrimjax1"]
[Result "1-0"]
[ICCResult "Black checkmated"]
[WhiteElo "1650"]
[BlackElo "1509"]
[Opening "Nimzo-Indian: Reshevsky variation"]
[ECO "E46"]
[NIC "NI.10"]
[Time "21:01:27"]
[PlyCount "153"]
[TimeControl "2700+10"]

1. d4 Nf6 2. c4 e6 3. Nc3 Bb4 4. e3 O-O 5. Ne2 b6 6. a3 Bxc3+ 7. Nxc3 d6 8.
Bd3 Nbd7 9. Qf3 Rb8 10. g4 Bb7 11. e4 e5 12. d5 Nc5 13. g5 Nfd7 14. h4
Nxd3+ 15. Qxd3 Nc5 16. Qg3 f6 17. Rb1 Nb3 18. Rg1 Nd4 19. Ne2 Nxe2 20. Kxe2
Ba6 21. b3 b5 22. cxb5 Rxb5 23. Ke1 f5 24. f3 f4 25. Qf2 Qb8 26. b4 Qb6 27.
Qxb6 Rxb6 28. Bd2 Bb5 29. Kf2 c6 30. Rgc1 Rc8 31. Rc3 Kf7 32. Ra1 Ba4 33.
Kg2 Ke7 34. Rac1 Kd7 35. Be1 Rb7 36. Bf2 a6 37. Rd3 cxd5 38. Rxc8 dxe4 39.
Rxd6+ Kxd6 40. fxe4 Rc7 41. Bc5+ Kc6 42. Re8 Rd7 43. Rxe5 Bd1 44. Re6+ Kb5
45. Bd6 f3+ 46. Kf2 Ka4 47. e5 Kxa3 48. b5+ Ka4 49. bxa6 Ka5 50. Bc5 Bb3
51. Rd6 Rf7 52. a7 Rxa7 53. Bxa7 Bc2 54. h5 g6 55. hxg6 hxg6 56. e6 Ba4 57.
Rd8 Ka6 58. Be3 Kb7 59. e7 Kc7 60. e8=Q Bxe8 61. Rxe8 Kd7 62. Rf8 Ke7 63.
Rxf3 Ke6 64. Rf6+ Ke5 65. Kf3 Kd5 66. Kf4 Kc4 67. Ke5 Kd3 68. Rxg6 Ke2 69.
Rf6 Kd3 70. g6 Ke2 71. g7 Kd3 72. g8=Q Ke2 73. Qg2+ Kd3 74. Qe4+ Kc3 75.
Rc6+ Kb3 76. Qb1+ Ka4 77. Ra6# { Black checkmated } 1-0

[Event "ICC tourney 2461 (45 10)"]
[Site "Internet Chess Club"]
[Date "2021.03.20"]
[Round "5"]
[White "VISHWA, SUSHEEL:sushivishwa"]
[Black "WU, JAYDEN:SparkyNinja"]
[Result "1-0"]
[ICCResult "Black resigns"]
[WhiteElo "1750"]
[BlackElo "1679"]
[Opening "Sicilian: Grand Prix attack"]
[ECO "B23"]
[NIC "SI.44"]
[Time "21:01:23"]
[PlyCount "63"]
[TimeControl "2700+10"]

1. e4 c5 2. Nc3 Nc6 3. f4 g6 4. Nf3 Bg7 5. Bc4 d6 6. O-O e6 7. d3 Nge7 8.
Qe1 O-O 9. f5 exf5 10. Qh4 Be6 11. Bxe6 fxe6 12. Ng5 h5 13. Nxe6 Qd7 14.
Nxf8 Rxf8 15. Bg5 Rf7 16. Rae1 Nd4 17. Rf2 b5 18. Nd5 Nxd5 19. exd5 b4 20.
Bf4 Bf6 21. Qg3 Kh7 22. Bc1 Be5 23. Qg5 Bg7 24. c3 bxc3 25. bxc3 Nb5 26.
Re6 Nxc3 27. Qxg6+ Kg8 28. Bh6 Kf8 29. Bxg7+ Rxg7 30. Rxf5+ Rf7 31. Rxf7+
Qxf7 32. Rf6 { Black resigns } 1-0

[Event "ICC tourney 2461 (45 10)"]
[Site "Internet Chess Club"]
[Date "2021.03.20"]
[Round "5"]
[White "HEBBAR, ESHAAN:solveur"]
[Black "Lu, Samuel:chess-soccer"]
[Result "0-1"]
[ICCResult "White checkmated"]
[WhiteElo "1611"]
[BlackElo "1615"]
[Opening "Nimzo-Indian: three knights variation"]
[ECO "E21"]
[NIC "NI.26"]
[Time "21:01:30"]
[PlyCount "138"]
[TimeControl "2700+10"]

1. d4 Nf6 2. c4 e6 3. Nc3 Bb4 4. Nf3 b6 5. a3 Bxc3+ 6. bxc3 Bb7 7. Bg5 h6
8. Bh4 g5 9. Bg3 Ne4 10. Qc2 d6 11. e3 Nd7 12. Bd3 f5 13. d5 exd5 14. Nd4
dxc4 15. Bxc4 Nxg3 16. hxg3 Bxg2 17. Qxf5 Qf6 18. Rh2 Qxf5 19. Nxf5 Ne5 20.
Be2 Nf3+ 21. Bxf3 Bxf3 22. Nd4 Bd5 23. Rc1 Bc4 24. Kd2 Kf7 25. Rch1 Kg6 26.
g4 Raf8 27. Nf5 h5 28. e4 h4 29. f4 gxf4 30. Nxh4+ Kf6 31. g5+ Kxg5 32.
Nf3+ Kg4 33. Rxh8 Rxh8 34. Rxh8 Kxf3 35. Rc8 c5 36. Rd8 Kxe4 37. Rxd6 f3
38. Rf6 Be2 39. Rf7 a5 40. Rf6 b5 41. Re6+ Kd5 42. Rh6 a4 43. Rh4 Bc4 44.
Ke3 Be2 45. Rf4 Ke5 46. Rh4 Kd5 47. Re4 f2 48. Kxf2 Kxe4 49. Kxe2 c4 50.
Kd2 Kf3 51. Kd1 Ke3 52. Kc2 Ke2 53. Kc1 Kd3 54. Kb2 Kd2 55. Kb1 Kxc3 56.
Kc1 Kb3 57. Kd1 Kxa3 58. Kc1 Kb3 59. Kb1 c3 60. Ka1 a3 61. Kb1 c2+ 62. Kc1
a2 63. Kd2 a1=Q 64. Kd3 c1=Q 65. Ke4 Qab2 66. Kf5 Qe2 67. Kg6 Qcf1 68. Kg7
Qeg2+ 69. Kh7 Qfh1# { White checkmated } 0-1

[Event "ICC tourney 2461 (45 10)"]
[Site "Internet Chess Club"]
[Date "2021.03.20"]
[Round "5"]
[White "TREY, JUSTIN:Torsten936"]
[Black "Qiao, Ethan:CougarForest"]
[Result "1-0"]
[ICCResult "Black resigns"]
[WhiteElo "1652"]
[BlackElo "1547"]
[Opening "Grünfeld: Stockholm variation"]
[ECO "D80"]
[NIC "GI.03"]
[Time "21:01:25"]
[PlyCount "101"]
[TimeControl "2700+10"]

1. d4 Nf6 2. c4 g6 3. Nc3 d5 4. Bg5 Ne4 5. Bh4 Nxc3 6. bxc3 Bg7 7. Nf3 O-O
8. e3 c5 9. Qb3 b6 10. cxd5 cxd4 11. exd4 Bb7 12. Bc4 Nd7 13. O-O Nf6 14.
Bxf6 Bxf6 15. Rfe1 Rc8 16. Ne5 a6 17. a4 Qd6 18. Rab1 Rc7 19. Ng4 Rfc8 20.
Ne3 Bg5 21. Qxb6 Qxb6 22. Rxb6 Bxe3 23. Rxe3 Rxc4 24. Rxb7 Rxc3 25. h4 R3c4
26. Rexe7 Rxd4 27. Rxf7 Rxh4 28. g3 Rh5 29. d6 Rd8 30. Rfe7 Kf8 31. Rf7+
Kg8 32. Rg7+ Kh8 33. Rge7 Kg8 34. Rg7+ Kh8 35. Rgd7 Rxd7 36. Rxd7 Rd5 37.
Kg2 Kg8 38. Kf3 Kf8 39. Ke4 Rd2 40. Ke5 Re2+ 41. Kd5 Rxf2 42. Ra7 Rf5+ 43.
Ke6 Rf2 44. Ra8+ Kg7 45. d7 Re2+ 46. Kd6 Rd2+ 47. Kc6 Rc2+ 48. Kb6 Rb2+ 49.
Kxa6 Rd2 50. d8=Q Rxd8 51. Rxd8 { Black resigns } 1-0

[Event "ICC tourney 2461 (45 10)"]
[Site "Internet Chess Club"]
[Date "2021.03.20"]
[Round "5"]
[White "NGUYEN, THOMAS:tn285"]
[Black "Patel, Arav:APBrain"]
[Result "0-1"]
[ICCResult "White forfeits on time"]
[WhiteElo "1582"]
[BlackElo "1669"]
[Opening "Caro-Kann: advance variation"]
[ECO "B12"]
[NIC "CK.04"]
[Time "21:01:25"]
[PlyCount "98"]
[TimeControl "2700+10"]

1. e4 c6 2. d4 d5 3. e5 Bf5 4. Nf3 e6 5. Be2 Ne7 6. O-O Nd7 7. a4 c5 8. c3
Nc6 9. Be3 a5 10. Na3 Be7 11. Nb5 O-O 12. Nd2 Na7 13. Nb3 c4 14. Nxa7 Rxa7
15. Nd2 f6 16. b3 cxb3 17. Nxb3 fxe5 18. dxe5 b6 19. f4 Bc5 20. Nxc5 Nxc5
21. c4 Rd7 22. cxd5 Rxd5 23. Qe1 Nd3 24. Qc3 Nb4 25. Rfd1 Nc2 26. Rxd5 Qxd5
27. Bf3 Qd3 28. Qxd3 Bxd3 29. Rd1 Nxe3 30. Rxd3 Nd5 31. g3 Rd8 32. f5 Kf7
33. g4 g6 34. Kf2 Ke7 35. f6+ Kf7 36. g5 Rd7 37. h4 Nxf6 38. Ke2 Rxd3 39.
Kxd3 Nd5 40. Kc4 Nc7 41. Bc6 Ke7 42. Kd4 Kd8 43. Kc4 Kc8 44. Kd4 Na6 45.
Kc4 Kc7 46. Be8 Nc5 47. Bf7 Kd7 48. Bg8 Ke7 49. Bxh7 Kf7 { White forfeits
on time } 0-1

[Event "ICC tourney 2461 (45 10)"]
[Site "Internet Chess Club"]
[Date "2021.03.20"]
[Round "5"]
[White "PHADKE, VIRAJ SHARAD:virajphadke"]
[Black "Gong, Andrew:TheDude865"]
[Result "0-1"]
[ICCResult "White forfeits on time"]
[WhiteElo "1666"]
[BlackElo "1506"]
[Opening "Queen's pawn: London system"]
[ECO "A45"]
[NIC "QP.07"]
[Time "21:01:26"]
[PlyCount "64"]
[TimeControl "2700+10"]

1. d4 Nf6 2. Bf4 g6 3. e3 Bg7 4. c4 e6 5. Nc3 d5 6. Nf3 O-O 7. Nb5 Na6 8.
h3 c6 9. Nc3 dxc4 10. Bxc4 b5 11. Bb3 Nc7 12. Rc1 a6 13. O-O Bb7 14. Qe2
Ncd5 15. Nxd5 Nxd5 16. Bg3 Rc8 17. Rfd1 Qb6 18. Ne5 Rfd8 19. Qf3 Nf6 20.
Bh4 c5 21. d5 exd5 22. Bxf6 Qxf6 23. Qxf6 Bxf6 24. Ng4 Bxb2 25. Rc2 Bg7 26.
Rcc1 c4 27. Bc2 a5 28. Nh2 b4 29. Nf3 Bc6 30. Rb1 Rb8 31. Nd4 Bxd4 32. Rxd4
a4 { White forfeits on time } 0-1

[Event "ICC tourney 2461 (45 10)"]
[Site "Internet Chess Club"]
[Date "2021.03.20"]
[Round "5"]
[White "VALE CRUZ, ARMIN:trucker"]
[Black "THOMAS, MICHAEL G:chesslin"]
[Result "0-1"]
[ICCResult "White resigns"]
[WhiteElo "1643"]
[BlackElo "1790"]
[Opening "Robatsch (modern) defense"]
[ECO "B06"]
[NIC "KF.05"]
[Time "21:02:19"]
[PlyCount "98"]
[TimeControl "2700+10"]

1. e4 g6 2. d4 Bg7 3. Nf3 d6 4. Bc4 Nf6 5. e5 dxe5 6. Nxe5 O-O 7. O-O Nbd7
8. f4 Nb6 9. Bb3 a5 10. a4 Nfd5 11. Nc3 f6 12. Nd3 Kh8 13. Kh1 c6 14. Nc5
Nxc3 15. bxc3 Nd5 16. Bd2 b6 17. Nd3 Be6 18. Qe2 Bf7 19. f5 gxf5 20. Rxf5
e6 21. Rf2 Rg8 22. Nf4 Qe8 23. Re1 Ra7 24. Qf3 Re7 25. Rfe2 Nc7 26. c4 e5
27. d5 Na6 28. dxc6 Rc7 29. Nd5 Rxc6 30. Be3 Nc5 31. Nxb6 Bf8 32. Nd5 Bh5
33. Nxf6 Bxf3 34. Nxe8 Bxe2 35. Rxe2 Nxb3 36. cxb3 Bb4 37. h4 Rxe8 38. g4
Bc5 39. Bd2 Bb6 40. Bc3 Rce6 41. Re4 Bc7 42. b4 axb4 43. Bxb4 Rf6 44. a5
Kg8 45. c5 Rf4 46. Rxf4 exf4 47. Kg2 Re4 48. Bc3 Rc4 49. Bf6 Rxc5 { White
resigns } 0-1